 Dungeon Crawl Stone Soup version 0.26.1-11-gd32895ea62 (webtiles) character file.

Game seed: 2081709219058956309

2214 Zeld the Carver (level 9, -2/60 (61) HPs)
             Began as a Human Gladiator on June 4, 2021.
             Was a Believer of the Shining One.
             Slain by a wight
             ... wielding a +2 scimitar
              (10 damage)
             ... on level 8 of the Dungeon.
             The game lasted 00:06:58 (9319 turns).

Zeld the Carver (Human Gladiator)                   Turns: 9319, Time: 00:06:58

HP:   -2/60 (61)    AC:  8    Str: 17    XL:     9   Next: 61%
MP:   9/9           EV: 13    Int:  9    God:    the Shining One [**....]
Gold: 482           SH:  0    Dex: 15    Spells: 8/8 levels left

rFire    . . .     SeeInvis .   a - +3 long sword
rCold    . . .     Faith    .   (no shield)
rNeg     + . .     Spirit   .   b - +0 leather armour
rPois    +         Reflect  .   o - +1 helmet "Faysul" {rPois}
rElec    .         Harm     .   l - +0 cloak
rCorr    .         Rampage  .   h - +0 pair of gloves
Will     .....                  e - +0 pair of boots
Stlth    +.........             (no amulet)
HPRegen  0.20/turn              (no ring)
MPRegen  0.11/turn              (no ring)

@: glowing, lightly drained
A: no striking features
a: Renounce Religion, Divine Shield


You were on level 8 of the Dungeon.
You worshipped the Shining One.
The Shining One was pleased with you.
You visited 2 branches of the dungeon, and saw 9 of its levels.

You collected 482 gold pieces.

Inventory:

Hand Weapons
 a - a +3 long sword (weapon)
Missiles
 d - 6 throwing nets
 u - 24 poisoned darts (quivered)
Armour
 b - a +0 leather armour (worn)
 e - a +0 pair of boots (worn)
 h - a +0 pair of gloves (worn)
 l - a +0 cloak (worn)
 o - the +1 helmet "Faysul" (worn) {rPois}
   (You found it on level 4 of the Dungeon)

   It protects you from poison.
Jewellery
 k - an uncursed ring of protection from fire {unknown}
 q - a +4 ring of evasion {unknown}
 x - a +4 ring of protection {unknown}
 y - an uncursed ring of willpower {unknown}
Wands
 A - a wand of polymorph (11)
 F - a wand of flame (18)
Scrolls
 c - 5 scrolls of teleportation {unknown}
 g - 3 scrolls of magic mapping {unknown}
 i - 7 scrolls of identify {unknown}
 j - 2 scrolls of amnesia {unknown}
 m - 3 scrolls of fog {unknown}
 n - a scroll of enchant armour {unknown}
 t - 2 scrolls of fear {unknown}
 w - a scroll of enchant weapon {unknown}
 z - 4 scrolls of remove curse {unknown}
 G - a scroll of random uselessness {unknown}
 H - a scroll of immolation {unknown}
Potions
 f - 6 potions of heal wounds
 p - a potion of flight {unknown}
 r - 2 potions of cancellation {unknown}
 s - a potion of invisibility {unknown}
 v - a potion of attraction {unknown}
 B - a potion of haste {unknown}
 C - 2 potions of mutation {unknown}
 D - a potion of brilliance {unknown}
 E - a potion of curing {unknown}


   Skills:
 - Level 2.0 Fighting
 * Level 12.2 Long Blades
 - Level 2.0 Throwing
 - Level 3.0 Dodging


You had 8 spell levels left.
You didn't know any spells.
Your spell library contained the following spells:

 Spells                   Type           Power        Failure   Level
 Beastly Appendage        Tmut           0%           45%         1
 Wereblood                Tmut           0%           58%         2
 Spider Form              Tmut/Pois      0%           83%         3
 Ice Form                 Ice/Tmut       0%           99%         4
 Blade Hands              Tmut           0%           100%        5


Dungeon Overview and Level Annotations

Branches:
Dungeon (8/15)             Temple (1/1) D:4
   Lair: D:8-11

Altars:
Ashenzari
Cheibriados
Dithmenos
Fedhas
Gozag
Hepliaklqana
Kikubaaqudgha
Makhleb
Nemelex Xobeh
Qazlal
Ru
Sif Muna
Trog
Wu Jian
Xom
Yredelemnul
Zin
The Shining One


Message History

Unknown command.
You barely miss the wight. The wight hits you but does no damage.
The wight hits you with a +2 scimitar!
You hit the wight.
The wight is moderately damaged.
You hit the wight.
The wight is severely damaged.
The wight hits you with a +2 scimitar! You partially resist.
You feel drained.
The wight hits you with a +2 great sword of electrocution!
* * * LOW HITPOINT WARNING * * *
You are electrocuted!
* * * LOW HITPOINT WARNING * * *
Press: ? - help, v - describe, . - travel, g - get item
Here: a wight, wielding a +2 great sword of electrocution and wearing a +0 robe (haloed)
Items here: a +0 dagger; a +0 robe.
The floor.
You hit the wight.
The wight is almost destroyed.
The wight hits you with a +2 scimitar!
You die...

#.#######.#
#.#..<..#
#.#.#.#.#
#.#.#.#.#
#.#.#.#.#
#.#.#.#.#
#z#.#.#.#
#z#.#.#.#
#@#...#.#
#.#####.#
#.......#
#########


You could see 2 wights.

Vanquished Creatures
  Eustachio (D:6)
  2 ice beasts
  A sky beast (D:6)
  An ogre (D:6)
  4 bullfrogs (D:6)
  3 scorpions
  2 electric eels (D:6)
  10 wights
  A howler monkey (D:3)
  4 hounds
  A jelly (D:7)
  A centaur skeleton (D:4)
  2 bullfrog skeletons (D:7)
  Terence (D:3)
  2 iguanas
  2 worker ants
  2 orc wizards
  A hound zombie (D:7)
  Robin (D:3)
  4 gnolls (D:7)
  13 adders
  2 white imps
  An ufetubus (D:5)
  An adder skeleton (D:4)
  5 worms
  4 dart slugs
  6 leopard geckos
  17 orcs
  A ball python (D:3)
  6 giant cockroaches
  13 goblins
  14 hobgoblins
  6 jackals
  4 quokkas
  5 bats
  9 frilled lizards
  7 kobolds
  A quokka skeleton (D:5)
  4 rats
165 creatures vanquished.

Vanquished Creatures (others)
  A hound skeleton (D:6)
1 creature vanquished.

Grand Total: 166 creatures vanquished

Notes
Turn   | Place    | Note
-------+----------+-------------------------------------------
     0 | D:1      | Zeld the Human Gladiator began the quest for the Orb.
     0 | D:1      | Reached XP level 1. HP: 16/16 MP: 1/1
   132 | D:1      | Reached XP level 2. HP: 22/22 MP: 2/2
   338 | D:1      | Reached skill level 4 in Long Blades
   338 | D:1      | Reached XP level 3. HP: 27/27 MP: 3/3
   816 | D:2      | You fall into a shaft and drop 2 floors!
   826 | D:4      | Got a slimy helmet
   837 | D:4      | Identified the +1 helmet "Faysul" {rPois} (You found it on
                  | level 4 of the Dungeon)
   865 | D:4      | Reached skill level 5 in Long Blades
   865 | D:4      | Reached XP level 4. HP: 33/33 MP: 4/4
   927 | D:4      | Reached XP level 5. HP: 38/38 MP: 5/5
  1355 | D:3      | Reached skill level 6 in Long Blades
  1473 | D:3      | Reached XP level 6. HP: 44/44 MP: 6/6
  2424 | D:3      | Noticed Robin
  2434 | D:3      | Killed Robin
  2448 | D:3      | Reached skill level 7 in Long Blades
  2664 | D:3      | Noticed Terence
  2676 | D:3      | Killed Terence
  3028 | D:3      | Reached XP level 7. HP: 50/50 MP: 7/7
  3102 | D:4      | Found an opulent altar of Gozag.
  3124 | D:4      | Found a staircase to the Ecumenical Temple.
  3152 | Temple   | Entered the Ecumenical Temple
  3157 | Temple   | Became a worshipper of the Shining One
  3406 | D:4      | Found a shimmering blue altar of Sif Muna.
  3610 | D:4      | Reached skill level 8 in Long Blades
  3953 | D:5      | Entered Level 5 of the Dungeon
  4399 | D:5      | You fall into a shaft and drop 2 floors!
  4611 | D:6      | Reached XP level 8. HP: 48/54 MP: 8/8
  4620 | D:6      | Reached skill level 9 in Long Blades
  4976 | D:6      | Reached skill level 10 in Long Blades
  5005 | D:6      | Reached * piety under the Shining One
  5007 | D:6      | Noticed Eustachio
  7747 | D:6      | Killed Eustachio
  7755 | D:6      | Reached XP level 9. HP: 41/61 MP: 9/9
  7766 | D:6      | Reached skill level 11 in Long Blades
  7995 | D:6      | Found a hazy altar of Hepliaklqana.
  8944 | D:7      | Reached skill level 12 in Long Blades
  9211 | D:7      | Reached ** piety under the Shining One
  9319 | D:8      | Slain by a wight

Illustrated notes

Levels and vault maps discovered:
D:1:      zelgadis_glass_arrival_small, layout_rooms
D:2:      layout_loops_ring
D:3:      layout_basic, kennysheep_generic_room_5, uniq_terence, uniq_robin
D:4:      layout_basic, lemuel_doored_altar, lemuel_blue_sif_altar,
          minmay_temple_entry_trees, roderic_roman_lattice,
          minmay_misc_feat_diagonals
D:5:      layout_cave_pools
D:6:      layout_basic, nzn_hepliaklqana_mist_gate, minivault_14, uniq_eustachio
D:7:      layout_loops_ring
D:8:      layout_basic, marbit_many_paths, old_standard_altar, serial_shops,
          kennysheep_mini, kennysheep_generic_room_13
Temple:   minmay_freezing_vapour_temple

Skill      XL: |  1  2  3  4  5  6  7  8  9 |
---------------+----------------------------+-----
Long Blades    | 4 5 6 7 8 10 12 | 12.2
Fighting       | |  2.0
Throwing       | |  2.0
Dodging        | |  3.0

Action                   |  1- 3 |  4- 6 |  7- 9 || total
-------------------------+-------+-------+-------++-------
Melee: Long sword        |    79 |   201 |    27 ||   307
       Falchion          |       |    41 |   281 ||   322
Evoke: Wand              |       |       |     6 ||     6
Armor: Leather armour    |    47 |    79 |    79 ||   205
Dodge: Dodged            |    75 |   172 |   156 ||   403
       Rpst.: Long sword |    20 |    47 |     2 ||    69
       Falchion          |       |    10 |    55 ||    65
